 Dungeon Crawl Stone Soup version 0.19-a0-1099-g481dbaa (webtiles) character file.

27 DarthKuruptios the Gusty (level 3, -3/19 HPs)
             Began as a Tengu Air Elementalist on Aug 8, 2016.
             Slain by a gnoll
             ... wielding a +0 spear
              (9 damage)
             ... on level 1 of the Dungeon.
             The game lasted 00:10:58 (1610 turns).

DarthKuruptios the Gusty (Tengu Air Elementalist)   Turns: 1610, Time: 00:10:59

Health: -3/19      AC:  2    Str:  8    XL:     3   Next: 10%
Magic:  5/7        EV: 13    Int: 16    God:
Gold:   39         SH:  0    Dex: 14    Spells: 2 memorised, 2 levels left

rFire  . . .     SeeInvis .     (no weapon)
rCold  . . .     Gourm    .     a - +0 robe
rNeg   . . .     Faith    .     (no shield)
rPois  .         Spirit   .     (helmet restricted)
rElec  .         Dismiss  .     (no cloak)
rCorr  .         Reflect  .     (no gloves)
SustAt .         Harm     .     (boots unavailable)
MR     .....                    (no amulet)
Stlth  ++........               (no ring)
                                (no ring)

@:
A: beak, talons 3
a: no special abilities


You were on level 1 of the Dungeon.
You were not hungry.

You visited 1 branch of the dungeon, and saw 2 of its levels.

You collected 39 gold pieces.

Inventory:

Armour
 a - a +0 robe (worn)
Scrolls
 d - a scroll of teleportation
Potions
 e - 2 potions of curing {unknown}
 f - a potion of resistance {unknown}
 g - a potion of might {unknown}
 h - a potion of magic {unknown}
 j - a potion of ambrosia {unknown}
 l - 2 potions of heal wounds {unknown}
 m - a potion of cancellation {unknown}
Books
 b - a book of Air

   Spells                             Type                      Level
   a - Shock                          Conjuration/Air              1
   b - Swiftness                      Charms/Air                   2
   c - Repel Missiles                 Charms/Air                   2
   d - Static Discharge               Conjuration/Air              3
   e - Lightning Bolt                 Conjuration/Air              5
Comestibles
 c - a bread ration


   Skills:
 + Level 2.3 Dodging
 + Level 2.1 Stealth
 * Level 2.3 Spellcasting
 * Level 1.7 Conjurations
 * Level 4.8 Air Magic


You had 2 spell levels left.
You knew the following spells:

 Your Spells              Type           Power        Failure   Level  Hunger
a - Shock                 Conj/Air       ##..         8%          1    #......
b - Static Discharge      Conj/Air       ##......     17%         3    ###....


Dungeon Overview and Level Annotations

Branches:
Dungeon (2/15)

Altars:


Innate Abilities, Weirdness & Mutations

You have a beak for a mouth.
You have claws for feet.


Message History

There is a stone staircase leading up here.
Casting: Shock
Confirm with . or Enter, or press ? or * to list all spells.
Aiming: Shock
Press: ? - help, Shift-Dir - straight line, f - gnoll
Aim: a gnoll, wielding a spear The zap hits the gnoll.
The gnoll is moderately wounded.
The gnoll misses you. The gnoll hits you but does no damage.
The gnoll hits you with a spear. x2
You climb upwards.
There is a stone staircase leading down here.
Casting: Shock
Confirm with . or Enter, or press ? or * to list all spells.
Aiming: Shock
Press: ? - help, Shift-Dir - straight line The zap misses the gnoll.
The zap hits the gnoll.
The gnoll is moderately wounded.
The gnoll hits you with a spear! x2
You die...

.#.# #...### ##### #>#.....#.
.#.#######.#...###...###.#.###...
.#.#.........#..#..#...#.#.###.#.
.......##...###...###....#.......
...#.#.##....#..#..#..##.#####.#.
.###.#.##........#...###.........
.###.#...........##.## #.#######.
.##.#.####[#...#.#...###.# #.
.#.###.###...#..@g.#..##.# #.
..## ##.##..###..g###.##.# #.
...###.###...#.....#..##.#######.
..#.#.## #.#....#)...###(........
..##.#####..........## #.#######.
..####..#####.###.#.# #.# ## ..#
#..# #.###.#.# #.# >.#
#..#####.##....####.# ..#
#...................#


You could see 2 gnolls.

Vanquished Creatures
  A ball python (D:1)
  2 giant cockroaches (D:1)
  A goblin (D:1)
  2 hobgoblins (D:1)
  3 jackals (D:1)
  A kobold (D:1)
  2 quokkas (D:2)
  3 bats (D:1)
  A giant newt (D:1)
  10 rats
26 creatures vanquished.

Notes
Turn   | Place    | Note
-------+----------+-------------------------------------------
     0 | D:1      | DarthKuruptios the Tengu Air Elementalist began the quest for the Orb.
     0 | D:1      | Reached XP level 1. HP: 10/10 MP: 4/4
   350 | D:1      | Reached XP level 2. HP: 15/15 MP: 0/6
  1139 | D:1      | Reached XP level 3. HP: 19/19 MP: 4/7
  1144 | D:1      | Learned a level 3 spell: Static Discharge
  1610 | D:1      | Slain by a gnoll

Vault maps used:
D:1:      sevenhm_arrival_forest_fort_large_4, serial_glass, glass_columns_a,
          glass_columns_b, due_unseen_surprise, feat_on_display,
          minmay_strange_pillars, minmay_strange_pillars
D:2:      johnstein_pakellas_dig, lemuel_coloured_pillars_altar, first_bread

Action                   || total
-------------------------++-------
Melee: Unarmed           ||     2
 Cast: Shock             ||    49
  Use: Scroll            ||     4
  Eat: Chunk             ||     2
       Bread ration      ||     1
Armor: Robe              ||     5
Dodge: Dodged            ||    24
